[Event "Azerbaijan-ch 1st League 2025"]
[Site "Baku"]
[Date "2025.01.11"]
[Round "6.3"]
[White "Ahmadov, Fariz"]
[Black "Ahmad, Khagan"]
[Result "0-1"]
[Annotator "RC"]
[ECO "A07"]
[WhiteElo "2224"]
[BlackElo "2406"]
[PlyCount "56"]
[EventDate "2025.01.05"]
[EventType "swiss"]
[EventCountry "AZE"]
[SourceTitle "playchess.com"]
[Source "ChessBase"]
[SourceQuality "1"]
[TimeControl "40/5400+30:1800+30"]

1. Nf3 d5 2. g3 Nd7 3. Bg2 e5 4. d3 Ngf6 5. O-O Be7 6. e4 dxe4 7. dxe4 Nxe4 8. Nxe5 Nxf2 9. Qh5 Nh3+ 10. Kh1 Nxe5 11. Qxe5 O-O 12. Nc3 Bg4 13. Nd5 Bd6 14. Qd4 f5 15. Ne3 Qd7 16. c4 Rad8 17. Nxg4 fxg4 18. Bh6 c6 19. Be3 Qe6 20. Qxa7 Rde8 21. Bd4 Qxc4 22. b3 Qd3 23. Rfd1 Qe2 24. Qxb7 Be5 25. Bxe5 Rxe5 26. Bxh3 gxh3 27. Qxc6 Re4 28. Qc3 Qg2# 0-1

[Event "Azerbaijan-ch 1st League 2025"]
[Site "Baku"]
[Date "2025.01.11"]
[Round "6.4"]
[White "Suleymanli, Suleyman"]
[Black "Ibrahimli, Suat"]
[Result "1-0"]
[Annotator "RC"]
[ECO "A11"]
[WhiteElo "2280"]
[BlackElo "1949"]
[PlyCount "229"]
[EventDate "2025.01.05"]
[EventType "swiss"]
[EventCountry "AZE"]
[SourceTitle "playchess.com"]
[Source "ChessBase"]
[SourceQuality "1"]
[TimeControl "40/5400+30:1800+30"]

1. Nf3 d5 2. g3 Bg4 3. Bg2 Nd7 4. c4 e6 5. cxd5 exd5 6. O-O c6 7. h3 Bxf3 8. Bxf3 Ngf6 9. d3 Bd6 10. Nc3 O-O 11. e4 dxe4 12. dxe4 Ne5 13. Bg2 Bc5 14. Na4 Bd4 15. Kh2 Nc4 16. Qe2 Nb6 17. Nc3 Qe7 18. Rd1 Rad8 19. Bf4 h6 20. e5 Bxc3 21. bxc3 Nfd5 22. Bd2 Qc5 23. Qg4 h5 24. Qd4 Qxd4 25. cxd4 Nc4 26. Bg5 Rd7 27. Bf1 b5 28. Rac1 Ndb6 29. Be2 Nb2 30. Rd2 N2c4 31. Rd3 Nb2 32. Rb3 N2c4 33. Rd1 f6 34. exf6 gxf6 35. Bc1 Rfd8 36. Bxh5 Rxd4 37. Re1 a5 38. Rf3 Nd5 39. Re6 Rd6 40. Re8+ Kg7 41. g4 Rd1 42. Bf4 Nxf4 43. Rxf4 R1d4 44. Re7+ Kh6 45. Rxd4 Rxd4 46. Be8 Rd2 47. Kg3 Rd3+ 48. Kg2 Kg5 49. Bxc6 b4 50. Bb5 Rc3 51. Bxc4 Rxc4 52. Ra7 Rc5 53. Rb7 Kf4 54. a3 bxa3 55. Rb3 a2 56. Ra3 f5 57. Rxa2 Rb5 58. Ra4+ Rb4 59. Rxa5 fxg4 60. h4 Rb3 61. Ra8 Rh3 62. Rf8+ Ke4 63. Rh8 Kf4 64. Rh7 Kf5 65. Rh5+ Kf4 66. Rh8 Kf5 67. Rh6 Kf4 68. Rf6+ Ke5 69. Rf8 Ke4 70. h5 Rxh5 71. Kg3 Rh1 72. Rf4+ Ke5 73. Rxg4 Kf5 74. Rb4 Rg1+ 75. Kf3 Ra1 76. Rb5+ Kf6 77. Kg4 Ra4+ 78. f4 Ra6 79. Rb8 Rc6 80. Rh8 Kg7 81. Rh5 Rb6 82. Rh1 Rc6 83. Kg5 Ra6 84. Rb1 Kf7 85. Rb7+ Kf8 86. Rc7 Rb6 87. Ra7 Rc6 88. Rh7 Ra6 89. Rc7 Rb6 90. Ra7 Rc6 91. Kf5 Rb6 92. Ke5 Rc6 93. Rd7 Rh6 94. Rd8+ Kf7 95. Rd7+ Kf8 96. Kf5 Ra6 97. Kg5 Rb6 98. Rd5 Ra6 99. Re5 Rb6 100. Kf5 Kf7 101. Ra5 Rc6 102. Kg5 Rb6 103. Rf5+ Kg7 104. Kg4 Ra6 105. Rb5 Kf7 106. Rb7+ Kf8 107. Kf5 Ra5+ 108. Kg6 Ra6+ 109. Kg5 Rc6 110. Rd7 Rb6 111. Kf5 Ra6 112. Ke5 Rh6 113. Rd8+ Ke7 114. Rb8 Rh5+ 115. f5 1-0

[Event "Azerbaijan-ch 1st League 2025"]
[Site "Baku"]
[Date "2025.01.11"]
[Round "6.5"]
[White "Garayev, Kanan"]
[Black "Orujov, Farid"]
[Result "1-0"]
[Annotator "RC"]
[ECO "E05"]
[WhiteElo "2340"]
[BlackElo "2301"]
[PlyCount "119"]
[EventDate "2025.01.05"]
[EventType "swiss"]
[EventCountry "AZE"]
[SourceTitle "playchess.com"]
[Source "ChessBase"]
[SourceQuality "1"]
[TimeControl "40/5400+30:1800+30"]

1. d4 Nf6 2. c4 e6 3. g3 d5 4. Bg2 Be7 5. Nf3 O-O 6. O-O dxc4 7. Qc2 a6 8. a4 Nc6 9. Qxc4 Na5 10. Qc2 Nc6 11. Qc4 Na5 12. Qc2 Nc6 13. e3 Nb4 14. Qb3 Qd5 15. Nbd2 c5 16. Ne5 Qxb3 17. Nxb3 cxd4 18. Nxd4 Nd7 19. Nc4 e5 20. Nf5 Bc5 21. Nfd6 Rb8 22. Nxc8 Rfxc8 23. Bh3 Rd8 24. Bd2 f6 25. Rfd1 Nf8 26. Bxb4 Bxb4 27. Nb6 Kf7 28. Nd5 Bd6 29. Rac1 g6 30. e4 Ne6 31. Bxe6+ Kxe6 32. Rc3 f5 33. f3 Rbc8 34. Rdc1 Rxc3 35. Rxc3 Rf8 36. Kg2 h5 37. Rb3 Rf7 38. Rb6 f4 39. gxf4 exf4 40. h4 Ke5 41. a5 Rd7 42. b4 Rf7 43. Kf1 Rd7 44. Ke2 Rf7 45. Kd2 g5 46. hxg5 h4 47. Nf6 Bc7 48. Ng4+ Kd4 49. Rxb7 h3 50. Ke2 Rh7 51. Nh2 Rg7 52. Ng4 Rh7 53. g6 h2 54. Nf2 Rd7 55. b5 Kc3 56. Kf1 Kc4 57. bxa6 Rd2 58. Rxc7+ Kd4 59. Rd7+ Ke3 60. Rxd2 1-0

[Event "Azerbaijan-ch 1st League 2025"]
[Site "Baku"]
[Date "2025.01.11"]
[Round "6.6"]
[White "Rustamov, Rustam"]
[Black "Alizada, Pasham"]
[Result "1/2-1/2"]
[Annotator "RC"]
[ECO "C04"]
[WhiteElo "2305"]
[BlackElo "2117"]
[PlyCount "156"]
[EventDate "2025.01.05"]
[EventType "swiss"]
[EventCountry "AZE"]
[SourceTitle "playchess.com"]
[Source "ChessBase"]
[SourceQuality "1"]
[TimeControl "40/5400+30:1800+30"]

1. e4 e6 2. d4 d5 3. Nd2 Nc6 4. Ngf3 Nf6 5. e5 Nd7 6. c3 f6 7. Bb5 Be7 8. exf6 Bxf6 9. O-O O-O 10. Re1 Re8 11. Nb3 e5 12. Bxc6 bxc6 13. Na5 Re6 14. dxe5 Nxe5 15. Nd4 Re8 16. Bf4 Ng6 17. Ndxc6 Rxe1+ 18. Qxe1 Qd7 19. Be3 Qf5 20. Qd2 Qh5 21. Bd4 Bg5 22. Be3 Bf6 23. f3 Nh4 24. Qf2 Bd7 25. Bf4 Rf8 26. Bg3 Nf5 27. Rd1 Bg5 28. Re1 Bxc6 29. Nxc6 Qh6 30. Qc5 Be3+ 31. Rxe3 Qxe3+ 32. Qxe3 Nxe3 33. Bxc7 Re8 34. Nxa7 Nd1 35. Bg3 Nxb2 36. Nb5 Ra8 37. Nc7 Ra5 38. h4 Na4 39. Be1 Rc5 40. Na6 Ra5 41. Nc7 Rc5 42. Na6 Rc4 43. Nb4 Nxc3 44. Bxc3 Rxc3 45. Nxd5 Rc4 46. h5 h6 47. g4 Rd4 48. Ne3 Rd2 49. Ng2 Rxa2 50. Kh2 Ra3 51. Kg3 Kf7 52. Nh4 Kf6 53. Kf4 Ra4+ 54. Kg3 Kg5 55. Ng6 Ra3 56. Ne7 Kf6 57. Ng6 Ra4 58. Nh4 Ke5 59. Nf5 Ra7 60. Nh4 Rb7 61. Nf5 Rf7 62. Nh4 Kf6 63. Nf5 Ra7 64. Nh4 Ra1 65. Ng6 Kg5 66. Ne7 Rd1 67. Ng8 Rg1+ 68. Kf2 Ra1 69. Kg3 Ra4 70. Ne7 Kf6 71. Nf5 Ra5 72. Nh4 Ke5 73. Nf5 Ra7 74. Nh4 Rf7 75. Kf2 Rb7 76. Kg3 Kf6 77. Ng6 Rb1 78. Nh4 Rh1 1/2-1/2

[Event "Azerbaijan-ch 1st League 2025"]
[Site "Baku"]
[Date "2025.01.11"]
[Round "6.7"]
[White "Isbatov, Kanan"]
[Black "Ughuzov, Ravan"]
[Result "1/2-1/2"]
[Annotator "RC"]
[ECO "E01"]
[WhiteElo "1882"]
[BlackElo "2250"]
[PlyCount "83"]
[EventDate "2025.01.05"]
[EventType "swiss"]
[EventCountry "AZE"]
[SourceTitle "playchess.com"]
[Source "ChessBase"]
[SourceQuality "1"]
[TimeControl "40/5400+30:1800+30"]

1. d4 Nf6 2. Nf3 e6 3. c4 d5 4. g3 Bd6 5. Bg2 h6 6. O-O O-O 7. Nc3 Nc6 8. b3 dxc4 9. bxc4 e5 10. d5 Na5 11. Nd2 b6 12. Qc2 Bd7 13. Bb2 Nb7 14. a4 Qe7 15. Nb3 a5 16. Nb5 Bxb5 17. cxb5 Nd7 18. Bh3 Ndc5 19. Nd2 Qg5 20. Nc4 Qh5 21. Kg2 Rae8 22. e4 f6 23. Ne3 Kh8 24. Bg4 Qf7 25. h4 h5 26. Bh3 Nd7 27. Be6 Rxe6 28. dxe6 Qxe6 29. Qc4 Qxc4 30. Nxc4 Ndc5 31. f3 Kg8 32. Ba3 Kf7 33. Ra2 Ke6 34. Nxd6 cxd6 35. Rc1 g6 36. Rc4 f5 37. Rd2 Rf7 38. Rd1 Rd7 39. Rdc1 Rg7 40. Rd1 Rd7 41. Rdc1 Rf7 42. Rd1 1/2-1/2

[Event "Azerbaijan-ch 1st League 2025"]
[Site "Baku"]
[Date "2025.01.11"]
[Round "6.8"]
[White "Gurbanov, Ismayil"]
[Black "Abdulkarimli, Eljan"]
[Result "1-0"]
[Annotator "RC"]
[ECO "B12"]
[WhiteElo "2248"]
[BlackElo "2163"]
[PlyCount "65"]
[EventDate "2025.01.05"]
[EventType "swiss"]
[EventCountry "AZE"]
[SourceTitle "playchess.com"]
[Source "ChessBase"]
[SourceQuality "1"]
[TimeControl "40/5400+30:1800+30"]

1. e4 c6 2. d4 d5 3. f3 Qb6 4. a4 a5 5. exd5 cxd5 6. Nc3 e6 7. Nb5 Nc6 8. Bf4 e5 9. Qe2 Be6 10. Bxe5 Nxe5 11. Qxe5 Rc8 12. Bd3 f6 13. Qg3 Kf7 14. Ne2 Nh6 15. O-O Nf5 16. Qf2 g5 17. Rae1 h5 18. Nec3 Rd8 19. Re2 Bh6 20. Rfe1 Bc8 21. g4 Nh4 22. Nxd5 Qc6 23. Re7+ Kf8 24. Qe3 Bd7 25. Rf7+ Kxf7 26. Qe7+ Kg8 27. Qxd8+ Bf8 28. Ne7+ Kg7 29. Nxc6 Nxf3+ 30. Kf2 Bxc6 31. Re7+ Kh6 32. Qxf8+ Rxf8 33. Rh7# 1-0

[Event "Azerbaijan-ch 1st League 2025"]
[Site "Baku"]
[Date "2025.01.11"]
[Round "6.9"]
[White "Davudov, Tunar"]
[Black "Isfandiyarli, Kamal"]
[Result "1-0"]
[Annotator "RC"]
[ECO "A39"]
[WhiteElo "2225"]
[BlackElo "2027"]
[PlyCount "73"]
[EventDate "2025.01.05"]
[EventType "swiss"]
[EventCountry "AZE"]
[SourceTitle "playchess.com"]
[Source "ChessBase"]
[SourceQuality "1"]
[TimeControl "40/5400+30:1800+30"]

1. Nf3 c5 2. c4 Nc6 3. Nc3 g6 4. g3 Bg7 5. Bg2 Nf6 6. O-O O-O 7. d4 cxd4 8. Nxd4 Nxd4 9. Qxd4 d6 10. Qd2 Rb8 11. b3 Bd7 12. Bb2 Bc6 13. e4 Ne8 14. Rad1 Nc7 15. Ne2 Bxb2 16. Qxb2 Qc8 17. Qc1 Ne6 18. f4 f5 19. Nc3 Bxe4 20. Nxe4 fxe4 21. Bxe4 Ng7 22. Qe3 b5 23. cxb5 Rxb5 24. Qxa7 e6 25. Rxd6 Nh5 26. Bd3 Rd5 27. Rxd5 exd5 28. Qd4 Qa8 29. a4 Re8 30. Rd1 Ng7 31. Bb5 Rd8 32. Bc4 Qa5 33. Bxd5+ Kh8 34. b4 Qc7 35. a5 h5 36. a6 Kh7 37. Qc5 1-0

[Event "Azerbaijan-ch 1st League 2025"]
[Site "Baku"]
[Date "2025.01.11"]
[Round "6.10"]
[White "Idrisov, Tabriz"]
[Black "Hajialiyev, Islam"]
[Result "1/2-1/2"]
[Annotator "RC"]
[ECO "E11"]
[WhiteElo "2073"]
[BlackElo "2217"]
[PlyCount "248"]
[EventDate "2025.01.05"]
[EventType "swiss"]
[EventCountry "AZE"]
[SourceTitle "playchess.com"]
[Source "ChessBase"]
[SourceQuality "1"]
[TimeControl "40/5400+30:1800+30"]

1. Nf3 Nf6 2. d4 e6 3. c4 Bb4+ 4. Bd2 Bxd2+ 5. Nbxd2 d5 6. e3 O-O 7. Rc1 c6 8. Be2 Nbd7 9. O-O Qe7 10. Qc2 e5 11. cxd5 Nxd5 12. dxe5 Nxe5 13. Nxe5 Qxe5 14. Nc4 Qf6 15. a3 Be6 16. Na5 Qe7 17. b4 Rfd8 18. Rfd1 Rd7 19. Nb3 Nf6 20. Nc5 Rxd1+ 21. Rxd1 Bd5 22. Rd4 Re8 23. Bd3 b6 24. Na4 Qe5 25. Nc3 Be6 26. h3 g6 27. Be2 c5 28. bxc5 Qxc5 29. Qb2 Rc8 30. Nb5 Qc1+ 31. Qxc1 Rxc1+ 32. Rd1 Rc2 33. Bd3 Ra2 34. Nxa7 Rxa3 35. Nb5 Ra2 36. Nd4 Bd5 37. Rb1 Nd7 38. Rb5 Bb7 39. Rb1 Kf8 40. Bb5 Be4 41. Rb4 Nc5 42. Be2 Bd3 43. Bxd3 Nxd3 44. Rxb6 Ra1+ 45. Kh2 Nxf2 46. Kg3 Nd3 47. Rb3 Nc5 48. Rb5 Ne4+ 49. Kf4 Nd6 50. Rb6 Rf1+ 51. Nf3 Ke7 52. Rb2 f6 53. Ra2 h6 54. Re2 f5 55. Ke5 Ra1 56. Rc2 Ra5+ 57. Kf4 g5+ 58. Kg3 Ne4+ 59. Kh2 h5 60. Nd4 Kd7 61. Rc4 Nd6 62. Rc3 h4 63. Rd3 Rd5 64. Nb3 Rb5 65. Nd4 Rd5 66. Nf3 Rxd3 67. Ne5+ Ke6 68. Nxd3 Kd5 69. Nf2 Nc4 70. g4 fxg4 71. Nxg4 Ke4 72. Nh6 Ne5 73. Kg2 Kxe3 74. Ng8 Nd3 75. Ne7 Ne1+ 76. Kf1 Nd3 77. Kg2 Ke2 78. Nf5 Ne1+ 79. Kg1 Kf3 80. Kf1 Nc2 81. Kg1 Kf4 82. Nd6 Ne1 83. Kf2 Nd3+ 84. Kg2 Ke3 85. Nf5+ Ke4 86. Nd6+ Kf4 87. Nf7 Ne1+ 88. Kf2 Nf3 89. Kg2 Ne5 90. Nxe5 Kxe5 91. Kf1 Kf5 92. Ke1 Ke5 93. Kf1 Kd4 94. Kf2 Kd5 95. Kf3 Ke6 96. Ke2 Kf6 97. Kf2 Ke6 98. Ke2 Kd6 99. Kf2 Kd5 100. Kf3 Ke5 101. Ke3 Kd6 102. Kf2 Kd5 103. Kf3 Ke5 104. Ke3 Kd6 105. Kf3 Ke6 106. Ke2 Kf6 107. Kf2 Kg6 108. Kg2 Kf5 109. Kf3 Ke5 110. Ke3 Kd5 111. Kf3 Ke5 112. Ke3 Kf6 113. Kf2 Ke7 114. Ke1 Kd6 115. Kf2 Kd5 116. Kf3 Ke5 117. Ke3 Kf5 118. Kf3 g4+ 119. hxg4+ Kg5 120. Kg2 Kxg4 121. Kh2 h3 122. Kh1 Kg3 123. Kg1 h2+ 124. Kh1 Kh3 1/2-1/2

[Event "Azerbaijan-ch 1st League 2025"]
[Site "Baku"]
[Date "2025.01.11"]
[Round "6.11"]
[White "Salimov, Shovkat"]
[Black "Musayev, Eldar"]
[Result "1-0"]
[Annotator "RC"]
[ECO "A18"]
[WhiteElo "1977"]
[BlackElo "2163"]
[PlyCount "107"]
[EventDate "2025.01.05"]
[EventType "swiss"]
[EventCountry "AZE"]
[SourceTitle "playchess.com"]
[Source "ChessBase"]
[SourceQuality "1"]
[TimeControl "40/5400+30:1800+30"]

1. c4 Nf6 2. Nc3 e6 3. e4 d5 4. cxd5 exd5 5. e5 d4 6. exf6 dxc3 7. fxg7 cxd2+ 8. Bxd2 Bxg7 9. Nf3 Be6 10. Qc2 Qe7 11. Be2 Nc6 12. O-O O-O-O 13. Rfe1 Nd4 14. Nxd4 Bxd4 15. Rac1 Qd6 16. Bc3 Qb6 17. Bf3 Bxc3 18. Qxc3 Rd4 19. b3 Rhd8 20. Rc2 a5 21. Qe3 Qd6 22. h3 Kb8 23. Rec1 Rd7 24. Qg5 Bd5 25. Bxd5 Rxd5 26. Qg8+ Ka7 27. Qxh7 f5 28. Qh5 f4 29. Qe2 Re7 30. Qg4 a4 31. bxa4 Rd4 32. a5 Rde4 33. Qf3 Rd4 34. Rc3 Ra4 35. Rd1 Qe5 36. Rb3 c6 37. Ra3 Qxa5 38. Rdd3 Qe1+ 39. Kh2 Ree4 40. Rdb3 Qa5 41. Qxe4 Rxa3 42. Rxa3 Qxa3 43. Qxf4 Qxa2 44. h4 Qa5 45. g4 c5 46. h5 Qb4 47. Qf5 c4 48. Qf4 Qc5 49. h6 Qe7 50. g5 c3 51. Qd4+ Ka6 52. Qc4+ b5 53. Qc6+ Ka7 54. Qxc3 1-0

[Event "Azerbaijan-ch 1st League 2025"]
[Site "Baku"]
[Date "2025.01.11"]
[Round "6.12"]
[White "Huseynov, Ahmed"]
[Black "Rzayev, Chingiz"]
[Result "0-1"]
[Annotator "RC"]
[ECO "A43"]
[WhiteElo "1996"]
[BlackElo "2153"]
[PlyCount "148"]
[EventDate "2025.01.05"]
[EventType "swiss"]
[EventCountry "AZE"]
[SourceTitle "playchess.com"]
[Source "ChessBase"]
[SourceQuality "1"]
[TimeControl "40/5400+30:1800+30"]

1. d4 c5 2. d5 d6 3. e4 g6 4. Nf3 Bg7 5. Be2 Nf6 6. Nc3 O-O 7. O-O Nbd7 8. h3 a6 9. a4 b6 10. Be3 Bb7 11. Bc4 Re8 12. Qd2 Qc7 13. Rad1 Nf8 14. Bf4 N6d7 15. Bh2 Rad8 16. Qd3 Qc8 17. Rfe1 Ne5 18. Nxe5 dxe5 19. Qe2 Rd6 20. Na2 Red8 21. Nc3 g5 22. Qh5 h6 23. Rd3 Ng6 24. g3 Qd7 25. Rf3 Bc8 26. Kg2 Qe8 27. Kh1 Kh7 28. Rfe3 Qd7 29. Bf1 e6 30. Qf3 Bb7 31. Bc4 exd5 32. Bxd5 Bxd5 33. Nxd5 Qxh3 34. Qe2 Qc8 35. Rb3 f5 36. Nxb6 Qc6 37. Nd5 c4 38. Rb6 Qc5 39. Rxd6 Rxd6 40. Ne3 f4 41. Nxc4 f3 42. Qf1 Rd4 43. b3 Qc6 44. c3 Rxe4 45. Rxe4 Qxe4 46. Ne3 a5 47. Qc4 Qxc4 48. Nxc4 g4 49. Nxa5 e4 50. c4 Bd4 51. Kg1 Ne5 52. Kf1 h5 53. Nb7 Nd3 54. Nd6 Kg6 55. Bg1 e3 56. fxe3 Be5 57. Ne4 Kf5 58. Nf2 Nc1 59. e4+ Ke6 60. Bh2 Nxb3 61. Nd3 Nd2+ 62. Ke1 Bc3 63. Nf4+ Ke5 64. Nxh5 Nxc4+ 65. Kf1 Nd2+ 66. Ke1 Nc4+ 67. Kf1 Ne3+ 68. Kf2 Bd4 69. Nf4 Nc4+ 70. Ke1 Kxe4 71. Ne6 Be3 72. a5 f2+ 73. Ke2 Nd2 74. Ng5+ Kd5 0-1

[Event "Azerbaijan-ch 1st League 2025"]
[Site "Baku"]
[Date "2025.01.11"]
[Round "6.13"]
[White "Alizada, Agshin"]
[Black "Allajov, Ramil"]
[Result "0-1"]
[Annotator "NA RC"]
[ECO "A48"]
[WhiteElo "2116"]
[BlackElo "2079"]
[PlyCount "158"]
[EventDate "2025.01.05"]
[EventType "swiss"]
[EventCountry "AZE"]
[SourceTitle "playchess.com"]
[Source "ChessBase"]
[SourceQuality "1"]
[TimeControl "40/5400+30:1800+30"]

1. d4 Nf6 2. Nf3 g6 3. Bf4 d6 4. Nc3 Bg7 5. Qd2 Nbd7 6. Bh6 Bxh6 7. Qxh6 c5 8. O-O-O a6 9. e4 cxd4 10. Rxd4 b5 11. Nd5 Qa5 (11... e5 $1 $11 12. Nxf6+ Qxf6) 12. a3 $14 Bb7 13. Bd3 Bxd5 14. exd5 Ne5 15. Kb1 Qb6 16. c3 Qc5 17. Re1 Nxf3 18. gxf3 Rg8 19. Qg5 Kd8 20. Bc2 Ra7 21. Bb3 Qc8 22. c4 Qf5+ 23. Qxf5 gxf5 24. cxb5 axb5 25. Rb4 Ra5 26. Rf4 Rg2 27. h4 Rxf2 28. Rxf5 Ra7 29. Rf4 Rc7 30. Rd1 Rc5 31. Ka2 h6 32. Rd3 Rc1 33. a4 Rff1 34. Ka3 bxa4 35. Bxa4 Rc5 36. Bb3 Ra1+ 37. Kb4 Ra7 38. Bc4 Nd7 39. b3 Ne5 40. Re3 Rb7+ 41. Kc3 Rbc7 42. Rd4 Ke8 43. f4 Nxc4 44. Rxc4 Rxc4+ 45. bxc4 Kf8 46. Rg3 Ra7 47. Kd4 Ra1 48. f5 Rh1 49. Rg4 h5 50. Re4 Rf1 51. f6 exf6 52. Ke3 Re1+ 53. Kd3 Rh1 54. Kd2 f5 55. Rf4 Ke7 56. Rxf5 Rxh4 57. Kc3 Rh1 58. Kb4 h4 59. Kb5 h3 60. Rf2 Rc1 61. Rh2 Rc3 62. Re2+ Kf6 63. Rf2+ Kg6 64. Kc6 Rxc4+ 65. Kxd6 Rh4 66. Rh2 f5 67. Ke5 Re4+ 68. Kd6 Re3 69. Kc5 Kg5 70. Rh1 Kg4 71. d6 f4 72. Rg1+ Kf3 73. Rf1+ Kg3 74. Kd4 Re6 75. Kc5 Re8 76. Rg1+ Kf2 77. Rg6 f3 78. Kd4 Rh8 79. Ke4 h2 0-1

[Event "Azerbaijan-ch 1st League 2025"]
[Site "Baku"]
[Date "2025.01.11"]
[Round "6.14"]
[White "Garakhanov, Shamsi"]
[Black "Baghirov, Mahammad"]
[Result "0-1"]
[Annotator "NA RC"]
[ECO "E05"]
[WhiteElo "2022"]
[BlackElo "1932"]
[PlyCount "80"]
[EventDate "2025.01.05"]
[EventType "swiss"]
[EventCountry "AZE"]
[SourceTitle "playchess.com"]
[Source "ChessBase"]
[SourceQuality "1"]
[TimeControl "40/5400+30:1800+30"]

1. d4 Nf6 2. c4 e6 3. g3 d5 4. Bg2 Be7 5. Nf3 dxc4 6. O-O O-O 7. Qc2 a6 8. a4 Nc6 9. Qxc4 Na5 10. Qc2 b6 11. Nc3 Bb7 12. e4 Rc8 13. Rd1 h6 14. h3 (14. Bf4 $14) 14... Bb4 $11 15. Nh2 Re8 16. Ng4 Nxg4 17. hxg4 Qe7 18. Na2 c5 19. d5 exd5 20. exd5 Qe2 21. Qxe2 Rxe2 22. Nxb4 cxb4 23. d6 Bxg2 24. Kxg2 Rd8 25. d7 Re7 26. Bf4 Nb3 27. Rab1 Rdxd7 28. Rxd7 Rxd7 29. Re1 Nc5 30. Re8+ Kh7 31. Rb8 Nxa4 32. b3 Nc5 33. Rxb6 a5 34. Rb5 Nxb3 35. Be5 f6 36. Bf4 Ra7 37. Bb8 Ra8 38. Bc7 a4 39. Rxb4 a3 40. Rxb3 a2 0-1

[Event "Azerbaijan-ch 1st League 2025"]
[Site "Baku"]
[Date "2025.01.11"]
[Round "6.15"]
[White "Kazimzade, Mahammad"]
[Black "Azimov, Yasin"]
[Result "1/2-1/2"]
[Annotator "NA RC"]
[ECO "B33"]
[WhiteElo "1743"]
[BlackElo "1880"]
[PlyCount "106"]
[EventDate "2025.01.05"]
[EventType "swiss"]
[EventCountry "AZE"]
[SourceTitle "playchess.com"]
[Source "ChessBase"]
[SourceQuality "1"]
[TimeControl "40/5400+30:1800+30"]

1. e4 c5 2. Nf3 Nc6 3. d4 cxd4 4. Nxd4 Qb6 5. Nb3 Nf6 6. Nc3 e6 7. Qe2 Bb4 8. Bd2 O-O 9. O-O-O d5 10. exd5 $11 exd5 11. Be3 Qd8 12. Nb5 Re8 13. h3 a6 14. N5d4 Qe7 15. Nxc6 bxc6 16. Qf3 Ne4 17. Bd3 f5 18. g4 Rf8 19. gxf5 Bxf5 20. Qg2 Bg6 21. Rdg1 Bh5 22. Bd4 g6 23. Bxe4 dxe4 24. a3 Bf3 25. Qf1 Bd6 26. Qc4+ Qf7 27. Qxc6 Bf4+ 28. Kb1 Rfc8 29. Qb6 Bxh1 30. Rxh1 Re8 31. Re1 Re6 32. Qa5 Bc7 33. Qg5 Rae8 34. Nc5 R6e7 35. Bf6 Re5 36. Bxe5 Rxe5 37. Qe3 Bb6 38. b4 Bxc5 39. bxc5 Qc4 40. Qb3 Qxb3+ 41. cxb3 Rxc5 42. Rxe4 Rf5 43. f4 Kf7 44. Ra4 a5 45. Kc2 Ke6 46. Kd3 Kd6 47. Ke4 Rh5 48. h4 Kc6 49. b4 axb4 50. Rxb4 Rxh4 51. Ke5 Rh5+ 52. Kf6 Rf5+ 53. Kg7 g5 1/2-1/2

[Event "Azerbaijan-ch 1st League 2025"]
[Site "Baku"]
[Date "2025.01.11"]
[Round "6.16"]
[White "Baghirov, Orkhan"]
[Black "Halafov, Ilgar"]
[Result "1-0"]
[Annotator "NA RC"]
[ECO "E62"]
[WhiteElo "1989"]
[BlackElo "1990"]
[PlyCount "191"]
[EventDate "2025.01.05"]
[EventType "swiss"]
[EventCountry "AZE"]
[SourceTitle "playchess.com"]
[Source "ChessBase"]
[SourceQuality "1"]
[TimeControl "40/5400+30:1800+30"]

1. d4 Nf6 2. c4 g6 3. g3 Bg7 4. Bg2 O-O 5. Nc3 d6 6. Nf3 Nc6 7. O-O e5 8. dxe5 dxe5 9. Qb3 Nd4 10. Nxd4 exd4 11. Rd1 c5 12. Bg5 h6 13. Bxf6 Qxf6 14. Na4 Qe7 15. Qa3 (15. Qb5 $11) 15... Qxe2 (15... Bg4 $1 $15 16. Qxc5 Qxe2) 16. Re1 $15 (16. Nxc5 $11 Qxc4 17. Nxb7) 16... Qxc4 17. Nxc5 Qb5 18. Bf1 Qb6 19. Na4 Qa5 20. b4 Qd8 21. Bg2 Rb8 22. Nc5 a6 23. Rad1 Qb6 24. h3 h5 25. Kh2 Rd8 26. Qb3 Qf6 27. Qa4 Be6 28. Kg1 Bc8 29. Re8+ Bf8 30. Rde1 Bf5 31. Rxd8 Qxd8 32. Rd1 Qb6 33. Nd7 Bxd7 34. Qxd7 Bg7 35. Bd5 Rf8 36. a3 a5 37. b5 Qc5 38. Rd3 b6 39. Rf3 Kh7 40. Bxf7 Qc1+ 41. Kg2 Qc2 42. g4 Qe4 43. gxh5 gxh5 44. Bxh5 Rxf3 45. Bxf3 Qg6+ 46. Bg4 Qe4+ 47. Kh2 Qe5+ 48. Kg1 Qe1+ 49. Kg2 Qe4+ 50. Kg3 Qe5+ 51. Kf3 Kg6 52. Qc6+ Qf6+ 53. Ke4 Kh7 54. Bf5+ Kh6 55. f4 Kh5 56. Bg4+ Kh6 57. a4 Kh7 58. Bf5+ Kh6 59. Kd5 d3 60. Bxd3 Bh8 61. Be4 Bg7 62. Qe8 Bf8 63. Qe5 Be7 64. Bf5 Kg7 65. Be6 Kg6 66. Kc6 Bc5 67. f5+ Kg5 68. Qg3+ Kh6 69. Qg4 Be3 70. Qe4 Bc5 71. Kb7 Qe7+ 72. Ka6 Qf6 73. Qg4 Qg5 74. Qf3 Qf6 75. Qc6 Kg7 76. Qc7+ Kh6 77. Ka7 Be3 78. Qg3 Bc5 79. Qf4+ Qg5 80. Qc7 Qf6 81. Qxc5 bxc5 82. b6 Qd8 83. b7 Qc7 84. Bd5 c4 85. Bxc4 Qxc4 86. b8=Q Qxa4 87. Qd6+ Kh7 88. Qe7+ Kg8 89. Qe6+ Kf8 90. Qf6+ Kg8 91. Qe6+ Kf8 92. Qd6+ Kg8 93. f6 Qb3 94. Qd8+ Kh7 95. Qe7+ Kh6 96. f7 1-0

[Event "Azerbaijan-ch 1st League 2025"]
[Site "Baku"]
[Date "2025.01.11"]
[Round "6.17"]
[White "Gulumov, Muthat"]
[Black "Imranli, Kenan"]
[Result "1-0"]
[Annotator "NA RC"]
[ECO "B11"]
[WhiteElo "2054"]
[BlackElo "1758"]
[PlyCount "121"]
[EventDate "2025.01.05"]
[EventType "swiss"]
[EventCountry "AZE"]
[SourceTitle "playchess.com"]
[Source "ChessBase"]
[SourceQuality "1"]
[TimeControl "40/5400+30:1800+30"]

1. e4 c6 2. Nc3 d5 3. Nf3 dxe4 4. Nxe4 Nf6 5. Qe2 Nxe4 6. Qxe4 Qa5 {[%emt 0:00:10] B11: Caro-Kann: Two Knights Variation.} 7. b4 Qf5 8. Qe3 Qxc2 9. Bd3 Qa4 10. O-O Nd7 11. a3 Nf6 12. Ne5 g6 13. Bc4 Nd5 14. Qf3 Be6 15. Bb2 Bg7 16. Bb3 Qa6 17. a4 O-O 18. b5 $1 Qa5 (18... Qb6 $15) 19. bxc6 Qxd2 $16 (19... Bxe5 $11 {remains equal.} 20. Bxe5 bxc6) 20. cxb7 Rab8 21. Rab1 Bxe5 22. Bxe5 Rxb7 23. Rbd1 Rxb3 24. Qxb3 Qa5 25. Qa3 Nb6 26. Bc3 Qg5 27. f4 Qf5 28. Bd4 Bc4 29. Rfe1 Nd5 30. Rc1 Ba6 31. Re5 Qd7 32. Bc5 Nxf4 33. Rxe7 Qd2 34. Bf2 Ne2+ 35. Rxe2 Qxe2 36. Re1 Qg4 37. Qe7 Qxa4 38. Qf6 Qa5 39. Ra1 Qf5 40. Qxf5 gxf5 41. Rxa6 Rd8 42. g3 Kg7 43. Rxa7 Rd3 44. Kg2 Kg6 45. Ra6+ f6 46. Re6 h5 47. Re3 Rd4 48. Kf3 Ra4 49. Rd3 Rc4 50. Be3 Rc2 51. h4 Rc4 52. Rd6 Rc3 53. Kf4 Rc8 54. Bd4 Rf8 55. Kf3 Rf7 56. Rxf6+ Rxf6 57. Bxf6 Kxf6 58. Kf4 Ke6 59. Kg5 Ke5 60. Kxh5 Kf6 61. Kh6 1-0